 Dungeon Crawl Stone Soup version 0.27.1-37-g7b29ead8ac (console) character file.

Game seed: 1317372751316225448

61 grimtooth the Chopper (level 3, -17/31 HPs)
             Began as a Palentonga Abyssal Knight on May 14, 2023.
             Was a Believer of Lugonu.
             Demolished by an ogre (19 damage)
             ... on level 3 of the Dungeon.
             The game lasted 00:05:36 (2053 turns).

grimtooth the Chopper (Palentonga Abyssal Knight)   Turns: 2053, Time: 00:05:36

Health: -17/31     AC:  4    Str: 16    XL:     3   Next: 83%
Magic:  4/4        EV:  9    Int: 12    God:    Lugonu [**....]
Gold:   37         SH:  0    Dex:  9    Spells: 2/2 levels left

rFire    . . .     SeeInvis +   a - +1 hand axe
rCold    . . .     Faith    .   (no shield)
rNeg     . . .     Spirit   .   b - +0 leather armour
rPois    .         Reflect  .   (no helmet)
rElec    .         Harm     .   (no cloak)
rCorr    .         Rampage  .   (no gloves)
Will     .....                  (no barding)
Stlth    +.........             (no amulet)
HPRegen  0.10/turn              (no ring)
MPRegen  0.09/turn              (no ring)

@: no status effects
A: large, rugged brown scales 3, see invisible, deformed body, roll 1, armoured
tail
a: Rolling Charge, Renounce Religion, Depart the Abyss, Bend Space


You were on level 3 of the Dungeon.
You worshipped Lugonu.
Lugonu was pleased with you.
You visited 1 branch of the dungeon, and saw 3 of its levels.
You visited the Abyss 1 time.

You collected 37 gold pieces.

Inventory:

Hand Weapons
 a - a +1 hand axe (weapon)
Armour
 b - a +0 leather armour (worn)
Scrolls
 c - a scroll of magic mapping {unknown}
 d - a scroll of teleportation {unknown}
 f - a scroll of blinking {unknown}
 g - 2 scrolls of identify {unknown}
 h - a scroll of immolation {unknown}
Potions
 e - 3 potions of curing {unknown}


   Skills:
 - Level 3.0 Fighting
 + Level 4.2 Axes
 - Level 1.5 Armour
 - Level 0.7 Dodging
 - Level 2.0 Invocations


You had 2 spell levels left.
You didn't know any spells.
Your spell library contained the following spells:

 Spells                   Type           Power      Damage    Failure   Level
 Summon Forest            Summ/Tloc      0%         N/A       100%        5
 Eringya's Noxious Bog    Tmut/Pois      0%         N/A       100%        6
 Summon Hydra             Summ           0%         N/A       100%        7


Dungeon Overview and Level Annotations

Branches:
Dungeon (3/15)

Altars:
Kikubaaqudgha
Makhleb

Annotations:
D:2 Sigmund, Terence


Innate Abilities, Weirdness & Mutations

You are completely covered in rugged brown scales. (AC +3, +7% HP)
You have supernaturally acute eyesight. (SInv)
Armour fits poorly on your strangely shaped body.
You can roll at nearby foes to attack.
You have a long armoured tail.


Message History

Found a scroll labelled EZAYWI QETYTRETO.
g - 2 scrolls labelled EZAYWI QETYTRETO (gained 1)
An ogre comes into view. It is wielding a +0 giant club.
The ogre shouts!
Roll where?
Press: ? - help, Dir - move target, f - ogre
Aim: an ogre, wielding a +0 giant club You roll forward with a clatter of scales!
You barely miss the ogre. The ogre hits you with a +0 giant club!
Unknown command.
Found a stone staircase leading up.
Found a burning altar of Makhleb.
Really walk into that dispersal trap?
You enter a dispersal trap!
The ogre blinks!
You blink.
The ogre enters a dispersal trap!
You blink.
The ogre blinks!
Found 10 gold pieces.
A ball python comes into view.
Roll where?
Press: ? - help, Dir - move target, f/p - ogre
Aim: an ogre, wielding a +0 giant club You roll forward with a clatter of scales!
You barely miss the ogre.
You hear an angry hiss.
The ogre hits you with a +0 giant club!!
Ouch! That really hurt!
* * * LOW HITPOINT WARNING * * *
A quokka comes into view.
The ball python hisses angrily.
You closely miss the quokka. You hit the ogre. The quokka bites you.
* * * LOW HITPOINT WARNING * * *
The ogre barely misses you. The ball python closely misses you.
You barely miss the quokka. You tail-slap the quokka.
The quokka is heavily wounded.
You hit the ogre. You hit the ball python.
You kill the ball python!
Lugonu accepts your kill. The quokka barely misses you.
The ogre hits you with a +0 giant club!!
Ouch! That really hurt!
You die...

## .. ###S # #..
####.##.#
......r†# ##
..##.##@# .. #O#
.## #.###...##
#.........
#..#....#
###.......#
#..####.......#...
#...............#
#.####.#..#.#.##
#.#........
#.##.#.....$


You could see an ogre and a quokka.

Vanquished Creatures
  2 adders
  A dart slug (D:1)
  4 bats
  5 endoplasms
  4 giant cockroaches
  5 goblins
  3 hobgoblins
  3 quokkas
  4 ball pythons
  3 frilled lizards
  3 kobolds (D:1)
  A rat (D:1)
38 creatures vanquished.

Vanquished Creatures (others)
  2 plants (D:2)
2 creatures vanquished.

Grand Total: 40 creatures vanquished

Notes
Turn   | Place    | Note
-------+----------+-------------------------------------------
     0 | Abyss:1  | grimtooth the Palentonga Abyssal Knight began the quest for
                  | the Orb.
     0 | Abyss:1  | Reached XP level 1. HP: 19/19 MP: 2/2
   108 | D:1      | Escaped the Abyss
   401 | D:1      | Reached XP level 2. HP: 25/25 MP: 3/3
   429 | D:1      | Reached skill level 3 in Axes
   537 | D:1      | Found a faded altar of an unknown god.
   957 | D:1      | Reached ** piety under Lugonu
  1345 | D:2      | Noticed Terence
  1388 | D:2      | Found an ancient bone altar of Kikubaaqudgha.
  1390 | D:2      | Reached XP level 3. HP: 29/31 MP: 4/4
  1487 | D:2      | Noticed Sigmund
  1669 | D:2      | Reached skill level 4 in Axes
  1967 | D:3      | Noticed an ogre
  1985 | D:3      | Found a burning altar of Makhleb.
  2053 | D:3      | Demolished by an ogre

Illustrated notes

Levels and vault maps discovered:
D:1:      scummos_arrival_simple_fountains, layout_loops_ring,
          shapermc_ecumenical_altar_starsandcircs,
          hangedman_abyss_or_decor_lesser_grid, minmay_pentomino_q4
D:2:      layout_rooms, basic_altar, serial_bayou_pond_e, uniq_terence,
          uniq_sigmund, uniq_crazy_yiuf_cottage
D:3:      layout_loops_ring, mainiacjoe_overflow_chevrons

Skill      XL: |  1  2  3 |
---------------+----------+-----
Axes           | 3 4 |  4.2
Fighting       | |  3.0
Armour         | |  1.5
Dodging        | |  0.7
Invocations    | |  2.0

Action                   || total
-------------------------++-------
Melee: Hand axe          ||   110
       Tailslap          ||     8
 Abil: Rolling Charge    ||    23
Armor: Leather armour    ||    74
Dodge: Dodged            ||    81
